[Event "1000 GM Labor Day Super Swiss 2024"]
[Site "San Jose"]
[Date "2024.09.01"]
[Round "4.1"]
[White "Yoo, Christopher Woojin"]
[Black "Schitco, Ivan"]
[Result "0-1"]
[Annotator "TA"]
[ECO "D15"]
[WhiteElo "2616"]
[BlackElo "2518"]
[PlyCount "84"]
[EventDate "2024.08.30"]
[EventType "swiss"]
[EventCountry "USA"]
[SourceTitle "playchess.com"]
[Source "ChessBase"]
[SourceQuality "1"]
[TimeControl "5400+30"]

1. d4 d5 2. Nf3 Nf6 3. c4 c6 4. Nc3 dxc4 5. e4 b5 6. Be2 e6 7. a4 Bb7 (7... b4 $15 8. Nb1 Nxe4) 8. axb5 $11 {[%emt 0:01:35] The position is equal.} cxb5 9. e5 Ne4 10. Nxb5 {[%emt 0:05:24][%cal Oe1g1] 0-0! is the strong threat.} Bb4+ 11. Kf1 $1 O-O 12. Bxc4 Nc6 13. Bd3 f5 14. Qb3 (14. Be3 {simplifies} a6 15. Nc3 Nxc3 16. bxc3 Bxc3 17. Rc1) 14... a6 15. Qxe6+ Kh8 16. Nd6 Nxd6 17. exd6 Bxd6 18. Bg5 (18. Bxf5 $2 Bc8 19. Qd5 Bxf5 (19... Rxf5 20. Qxc6 Bd7 21. Qe4 $17) 20. Qxc6 Bd3+ 21. Kg1 Rc8 $19) 18... Qc7 19. Rc1 (19. Bxf5 $2 Bc8 20. Qc4 Rxf5 $19 (20... Bxf5 $2 21. d5 $19)) 19... Rae8 20. Qb3 Bf4 21. Bxf4 Qxf4 22. Ra1 (22. Rc5 {simplifies} Rb8 23. Qc3 Ne7 24. Bc4) 22... Nb4 23. Qxb4 ({White should try} 23. Bc4 $1 $11 Bxf3 24. gxf3) 23... Bxf3 $15 24. h3 (24. gxf3 Qxf3 25. Rg1 Qxd3+ 26. Kg2 Qe4+ 27. Kf1 Rf6 $19) 24... Rb8 25. Qc5 (25. Qa3 $1 $15 Bd5 26. b4) 25... Rfc8 26. Qe5 Rc1+ $40 {[%emt 0:00:14][%mdl 128] Black is out for blood.} 27. Rxc1 Qxc1+ 28. Qe1 {[%emt 0:00:00] [#]} Rc8 29. gxf3 (29. Rh2 Qxb2 30. gxf3 Rc1 $19 (30... Qxd4 $2 31. Bxf5 Rd8 32. Be4 $18) (30... Qxd4 $2 31. Bxf5 Rd8 32. Rh1 $18)) 29... Qxe1+ (29... Qxb2 $2 {loses.} 30. Qe5 (30. Bxf5 Rc1 $17) 30... Qc1+ 31. Kg2 Qg5+ 32. Kh2 $18) 30. Kxe1 $19 {[%emt 0:00:00][%mdl 4096] Endgame. KRB-KR} Rc1+ 31. Kd2 Rxh1 32. Bxa6 Rxh3 {[%emt 0:01:33] KR-KB} 33. b4 Rxf3 34. b5 Ra3 35. Bc8 $2 (35. d5 Kg8 36. Bc8) 35... g6 36. b6 {[%emt 0:00:00] [#]} Rb3 $1 37. b7 {[%emt 0:00:00] [#]} h5 $1 {[%emt 0:01:07] White must now prevent ...h4.} 38. Kc2 $2 (38. d5 $19 Kg7 39. Ke2) 38... Rb6 {[%emt 0:00:08] ( -> ...h4)} 39. d5 Kg7 {[%emt 0:00:05] Black mates.} 40. d6 Kf6 (40... Rxd6 $2 {is the wrong capture.} 41. b8=Q (41. b8=B $2 Rc6+ 42. Kd1 Rxc8 $19) 41... Rc6+ 42. Kb3 $18) 41. d7 Ke7 42. Kd3 h4 {[%emt 0:00:06] Weighted Error Value: White=0.49/Black=0.06 (flawless) .  Mistake:       	White=4     	Black=1      Inaccurate:     	White=4     	---        OK:         	White=15    	Black=12     Best:        	White=3     	Black=7      Strong:       	White=1     	Black=2} 0-1

[Event "1000 GM Labor Day Super Swiss 2024"]
[Site "San Jose"]
[Date "2024.09.01"]
[Round "4.3"]
[White "Cordova, Emilio"]
[Black "Sheng, Joshua"]
[Result "1/2-1/2"]
[Annotator "TA"]
[ECO "E62"]
[WhiteElo "2519"]
[BlackElo "2474"]
[PlyCount "42"]
[EventDate "2024.08.30"]
[EventType "swiss"]
[EventCountry "USA"]
[SourceTitle "playchess.com"]
[Source "ChessBase"]
[SourceQuality "1"]
[TimeControl "5400+30"]

1. Nf3 Nf6 2. g3 g6 3. Bg2 Bg7 4. O-O O-O 5. d4 d6 6. c4 Nc6 7. Nc3 e5 8. d5 Nb8 9. e4 a5 10. b3 Na6 11. Re1 Nc5 {[%emt 0:01:50] The position is equal.} 12. Rb1 Ne8 13. Be3 b6 14. a3 f5 15. b4 axb4 16. axb4 fxe4 17. Ng5 Nd3 18. Ne6 Bxe6 19. dxe6 Nxe1 20. Qxe1 Qc8 ({Black should play} 20... Nf6 $11) 21. Bxe4 $14 Nf6 {[%emt 0:00:14] Weighted Error Value: White=0.12 (very precise) /Black=0.13 (very precise) .  Mistake:       	---       	Black=2      Inaccurate:     	White=1     	---        OK:         	White=1     	Black=7      Best:        	White=1     	Black=1} 1/2-1/2

[Event "1000 GM Labor Day Super Swiss 2024"]
[Site "San Jose"]
[Date "2024.09.01"]
[Round "4.4"]
[White "Chen, Ryo"]
[Black "Corrales Jimenez, Fidel"]
[Result "1/2-1/2"]
[Annotator "TA"]
[ECO "B89"]
[WhiteElo "2408"]
[BlackElo "2564"]
[PlyCount "69"]
[EventDate "2024.08.30"]
[EventType "swiss"]
[EventCountry "USA"]
[SourceTitle "playchess.com"]
[Source "ChessBase"]
[SourceQuality "1"]
[TimeControl "5400+30"]

1. e4 c5 2. Nf3 d6 3. d4 cxd4 4. Nxd4 Nf6 5. Nc3 Nc6 6. Bc4 e6 7. Be3 a6 8. Qe2 Bd7 9. Bb3 Na5 10. f4 Qc7 11. g4 (11. Bf2 $14) 11... b5 $11 12. g5 b4 $1 13. gxf6 bxc3 14. fxg7 Bxg7 15. O-O-O cxb2+ 16. Kb1 Nxb3 17. axb3 Rc8 18. Rhg1 {[%emt 0:00:00] Chess con chili.} Bf6 19. Rg2 {[%emt 0:00:00] Active counter play!} e5 20. fxe5 Qa5 21. Kxb2 $16 (21. exf6 $2 Qa1#) 21... Bxe5 22. Kb1 Be6 23. Qd2 $2 {[%emt 0:00:00] [#]} ({White should try} 23. Qf2 $18) 23... Qxd2 $11 24. Rgxd2 Rg8 25. Nf3 Rg4 ({Much weaker is} 25... Bg4 $6 26. Rg1 f6 27. Nxe5 dxe5 28. Rd6 $14) 26. Bg5 Rxe4 27. Nxe5 Rxe5 28. Bf4 Rb5 29. Bxd6 a5 30. Rg1 Kd7 31. Bf4+ Kc6 {[%emt 0:00:00] The position is equal.} 32. Rg5 Rxg5 33. Bxg5 Rb8 34. Rd4 Rb4 35. Rxb4 {[%emt 0:00:00] Weighted Error Value: White=0.16 (very precise) /Black=0.12 (very precise) .  Missed win:     	White=1     	---        Mistake:       	White=1     	Black=1      Inaccurate:     	White=1     	Black=1      OK:         	White=15    	Black=12     Best:        	White=3     	Black=2      Strong:       	---       	Black=1} 1/2-1/2

[Event "1000 GM Labor Day Super Swiss 2024"]
[Site "San Jose"]
[Date "2024.09.01"]
[Round "4.5"]
[White "Sathish, Pranav"]
[Black "Harsha Bharathakoti"]
[Result "0-1"]
[Annotator "TA"]
[ECO "A12"]
[WhiteElo "2337"]
[BlackElo "2550"]
[PlyCount "118"]
[EventDate "2024.08.30"]
[EventType "swiss"]
[EventCountry "USA"]
[SourceTitle "playchess.com"]
[Source "ChessBase"]
[SourceQuality "1"]
[TimeControl "5400+30"]

1. Nf3 d5 2. b3 c6 3. Bb2 h6 4. c4 Bf5 5. g3 e6 6. Bg2 Nf6 7. O-O Nbd7 8. d3 Be7 9. Nbd2 O-O 10. Qc2 Bh7 11. a3 a5 12. Ne5 Qb6 {[%emt 0:08:16] A12: English Opening: 1...c6 with b3 by White.} 13. Nxd7 Nxd7 14. Rab1 Rfc8 $146 ({Predecessor:} 14... Qa7 15. Qc3 Bf6 16. Qc2 Be7 17. Qc3 Nf6 18. Rbc1 Rfd8 19. Nf3 Qb6 20. c5 Qc7 {0-1 Mesic,I (2318)-Macias Pino,D (2457) Wch U16 Montesilvano 2023 (9)}) 15. b4 axb4 16. axb4 Bg6 (16... Qxb4 $6 17. Bxg7 Qd6 18. Bxh6 $16) (16... Bxb4 $6 17. Bc3 c5 18. cxd5 $16) 17. Rfc1 Qd8 ({But not} 17... Qxb4 $6 18. Bxg7 Qa5 19. Ra1 $16 (19. Bxh6 b5 $16) (19. Rxb7 Kxg7 20. Rxd7 Bf6 $14)) (17... Bxb4 $6 18. Bc3 c5 19. cxd5 exd5 20. Bxd5 $16 (20. Bxb4 cxb4 21. Qxc8+ Rxc8 $14)) 18. Qb3 Bg5 19. Qc3 Bf6 20. Qb3 Bg5 21. Qc3 Bf6 22. Qb3 Bh5 23. Nf3 Bxf3 24. Bxf3 Bxb2 25. Qxb2 Ra4 26. Qc2 Rca8 27. cxd5 cxd5 28. Qc7 Qxc7 29. Rxc7 Ne5 30. Rxb7 Nxf3+ 31. exf3 Ra1 32. Rf1 R8a3 33. b5 Rxf1+ 34. Kxf1 Rxd3 35. Ke2 Rb3 36. f4 g5 37. f5 exf5 38. b6 Kg7 39. Rd7 (39. Rb8 $11) 39... Rxb6 $15 40. Rxd5 Kf6 41. Kf3 h5 42. Rd4 {[%emt 0:00:52] [#]} f4 (42... g4+ $1 $15 43. Kg2 Rb2) 43. gxf4 $11 Rb3+ 44. Kg2 $1 g4 45. Rd5 h4 46. Rg5 $1 h3+ 47. Kf1 Rb1+ 48. Ke2 Rg1 49. Ke3 Ke6 50. Re5+ Kd6 51. Rh5 (51. Ke4 $1 $11) 51... Re1+ $15 52. Kd2 ({White must play} 52. Kd3 $1 $15) 52... Rh1 $19 53. Rg5 $2 {[%emt 0:02:06] [#]} (53. Rh6+ Kd5 54. Ke3) 53... f5 $1 $19 ({Weaker is} 53... Rxh2 54. Rxg4 Rxf2+ 55. Ke3 $11) 54. Rxf5 Rxh2 55. Ke3 Rh1 56. Rh5 {[%emt 0:01:20] [#]} h2 $1 57. Ke2 g3 58. Kf3 Rg1 59. fxg3 h1=Q+ 0-1

[Event "1000 GM Labor Day Super Swiss 2024"]
[Site "San Jose"]
[Date "2024.09.01"]
[Round "4.6"]
[White "Mikaelyan, Arman"]
[Black "Sivakumar, Shaaketh"]
[Result "1-0"]
[Annotator "TA"]
[ECO "A34"]
[WhiteElo "2529"]
[BlackElo "2307"]
[PlyCount "57"]
[EventDate "2024.08.30"]
[EventType "swiss"]
[EventCountry "USA"]
[SourceTitle "playchess.com"]
[Source "ChessBase"]
[SourceQuality "1"]
[TimeControl "5400+30"]

1. c4 b6 2. e4 Bb7 3. Nc3 e6 4. Nge2 c5 5. d4 cxd4 6. Nxd4 Bb4 7. Ndb5 Nf6 $1 8. Nd6+ Bxd6 {[%emt 0:00:03] White has an edge.} 9. Qxd6 {[%emt 0:00:08] Nb5 would now be deadly.} Bxe4 10. Nb5 Na6 {[%emt 0:05:09] Repels Nc7+} 11. Qa3 Nc5 12. Nd6+ Kf8 (12... Ke7 $6 13. Bf4 $16) 13. Be3 Qe7 14. Bxc5 bxc5 15. Qxc5 Bc6 16. O-O-O Ne4 17. Nxe4 Bxe4 18. Rd6 f6 19. f3 Bc6 20. Bd3 Kf7 21. Rd1 {[%emt 0:00:10][%cal Bh1d1,Bd1e1,Be1e6][%mdl 32] aiming for Be4.} Bd5 22. Kb1 (22. cxd5 Rac8 23. dxe6+ dxe6 $16) (22. Bg6+ {simplifies} Kxg6 23. R6xd5 Qxc5 24. Rxc5 Rhc8 25. Rxc8 Rxc8 26. Rxd7 Rxc4+ 27. Kd2) 22... Rhc8 23. Qa3 $36 {[%emt 0:00:18][%mdl 2048] White fights for an advantage.} Rc6 24. c5 Rac8 (24... Rxd6 $11 25. cxd6 Qd8) 25. Bb5 $1 $14 R6c7 26. Re1 {[%emt 0:01:57] And now Rxd5 would win. White is more active.} Bc6 27. Bc4 Rb8 {[%emt 0:11:27] [#]} (27... Kf8 $14) 28. Qd3 $1 $18 Kg8 $2 {[%emt 0:03:51] [#]} (28... Rbc8 29. b4 (29. Qxh7 Ba4 $16) 29... Ba4) 29. Rexe6 $1 {[%emt 0:04:01][%mdl 512] Weighted Error Value: White=0.06 (flawless) /Black=0.22 (precise) .  Mistake:       	---       	Black=3      Inaccurate:     	White=2     	---        OK:         	White=11    	Black=6      Best:        	---       	Black=5      Strong:       	White=2     	Black=1} 1-0

[Event "1000 GM Labor Day Super Swiss 2024"]
[Site "San Jose"]
[Date "2024.09.01"]
[Round "4.7"]
[White "Guo, Andrew"]
[Black "Koustav Chatterjee"]
[Result "0-1"]
[Annotator "TA"]
[ECO "E08"]
[WhiteElo "2207"]
[BlackElo "2524"]
[PlyCount "58"]
[EventDate "2024.08.30"]
[EventType "swiss"]
[EventCountry "USA"]
[SourceTitle "playchess.com"]
[Source "ChessBase"]
[SourceQuality "1"]
[TimeControl "5400+30"]

1. d4 Nf6 2. c4 e6 3. g3 d5 4. Bg2 Bb4+ 5. Bd2 Be7 6. Nf3 O-O 7. O-O c6 8. Qc2 Nbd7 9. Bf4 a5 10. Rd1 a4 11. Nbd2 Nh5 12. Be3 {[%emt 0:00:00] The position is equal.} f5 13. Nf1 Bd6 14. c5 Bc7 15. b4 f4 16. Bd2 e5 17. dxe5 Nxe5 18. Nxe5 Bxe5 19. Bc3 Qf6 20. Bxe5 Qxe5 21. Rac1 Bg4 22. Re1 Nf6 23. Nd2 (23. Qc3 $15 Qg5 24. f3) 23... Qh5 $36 {[%emt 0:02:19][%mdl 2048] Black has strong initiative.} (23... Bxe2 $2 {loses.} 24. Nf3 Qh5 25. Rxe2 $18 (25. Qxe2 Rae8 $18)) 24. f3 Bf5 25. Qc3 Bh3 {[%emt 0:00:20] Black is more active.} 26. Nf1 fxg3 27. hxg3 Rae8 28. Qd4 Nd7 (28... Re6 $17 {[%cal Of6e4] And now ...Ne4! would win.} 29. Rc3 Rfe8) 29. Kh2 $2 {[%emt 0:00:00][%mdl 8192] [#]} (29. Rc3 $15) 29... Bxg2+ {[%emt 0:00:52] Weighted Error Value: White=0.45/Black=0.13 (very precise) .  Loses game:     	White=1     	---        Mistake:       	White=1     	Black=1      Inaccurate:     	White=4     	Black=2      OK:         	White=4     	Black=5      Best:        	White=2     	Black=2} 0-1

[Event "1000 GM Labor Day Super Swiss 2024"]
[Site "San Jose"]
[Date "2024.09.01"]
[Round "4.8"]
[White "Macovei, Andrei"]
[Black "Yim, Sung Ho"]
[Result "1-0"]
[Annotator "TA"]
[ECO "C84"]
[WhiteElo "2466"]
[BlackElo "2291"]
[PlyCount "75"]
[EventDate "2024.08.30"]
[EventType "swiss"]
[EventCountry "USA"]
[SourceTitle "playchess.com"]
[Source "ChessBase"]
[SourceQuality "1"]
[TimeControl "5400+30"]

1. e4 e5 2. Nf3 Nc6 3. Bb5 a6 4. Ba4 Nf6 5. O-O Be7 6. d3 b5 7. Bb3 d6 8. Bd2 O-O 9. h3 h6 10. Re1 {[%emt 0:00:00] White has an edge.} Re8 11. a4 {[%emt 0:00:00] axb5 would now be deadly.} Rb8 12. axb5 axb5 13. Nc3 Bf8 14. Nd5 Nxd5 15. Bxd5 Ne7 16. Bb3 Ng6 17. Ra7 Bb7 18. Nh2 d5 19. Qf3 {[%emt 0:00:00][%cal Oa7b7] aiming for Rxb7!} Nh4 (19... Nf4 $11) 20. Qh5 $14 {[%emt 0:00:00][%cal Oa7b7] Threatens to win with Rxb7! White is more active.} g6 $2 (20... Ng6 $1 $14) 21. Qe2 $18 dxe4 22. dxe4 c5 {[%emt 0:05:35] [#]} 23. c4 $1 Qb6 {[%emt 0:03:52] [#]} 24. Rxb7 Rxb7 $16 (24... Qxb7 $2 {perishes.} 25. g3) 25. g3 {[%emt 0:00:00] Dodges g5} b4 ({Don't blunder} 25... bxc4 $2 26. Bxc4 Qxb2 27. gxh4 $18) 26. gxh4 h5 27. Ba4 Rd8 28. Nf3 Qe6 29. Ng5 Qe7 {[%emt 0:00:27] This move loses the game for Black.} (29... Qf6 $16 {might work better.} 30. Nf3 Qe6) 30. Bc6 $18 {[%emt 0:00:00] White is clearly winning.} Ra7 31. Bd5 Qe8 32. f4 Kg7 (32... Bh6 $142 33. f5 Bxg5) 33. f5 Rd6 34. fxg6 fxg6 35. Rf1 Rda6 36. Qe3 {[%emt 0:00:00][%cal Og5e6] White wants to mate with Ne6+!} Kh8 37. Kg2 Rb6 38. Qf2 {[%emt 0:00:00] Weighted Error Value: White=0.08 (flawless) /Black=0.45.  Loses game:     	---       	Black=1      Mistake:       	White=1     	Black=3      OK:         	White=14    	Black=8      Best:        	White=2     	---        Strong:       	White=1     	---} 1-0

[Event "1000 GM Labor Day Super Swiss 2024"]
[Site "San Jose"]
[Date "2024.09.01"]
[Round "4.9"]
[White "Garcia Guerrero, Isaac Antonio"]
[Black "Batchuluun, Tsegmed"]
[Result "0-1"]
[Annotator "TA"]
[ECO "A30"]
[WhiteElo "2291"]
[BlackElo "2458"]
[PlyCount "125"]
[EventDate "2024.08.30"]
[EventType "swiss"]
[EventCountry "USA"]
[SourceTitle "playchess.com"]
[Source "ChessBase"]
[SourceQuality "1"]
[TimeControl "5400+30"]

1. Nf3 Nf6 2. e3 c5 3. c4 g6 4. b3 Bg7 5. Bb2 O-O 6. Be2 Nc6 7. O-O d5 8. cxd5 Qxd5 9. d3 b6 10. a3 Bb7 11. Nbd2 Rfd8 12. Qc2 Rac8 13. Rac1 Qd7 {[%emt 0:21:56] Black is slightly better.} 14. Rfd1 Nd5 15. Bxg7 Kxg7 16. Qb2+ f6 17. Ne4 e5 18. h4 Qe7 19. Ng3 a5 20. h5 Qe6 21. Re1 Rd7 22. Rc4 Rcd8 23. Nh4 (23. Rh4 $11 g5 24. h6+ Kh8 25. Rh5) 23... Nde7 $15 24. hxg6 hxg6 25. Rg4 ({White has to play} 25. Nf3 $1 $15) 25... Ba6 (25... Rh8 $1 $19 26. d4 exd4 (26... cxd4 27. Ngf5+ Nxf5 28. Nxg6 $15) 27. Nxg6 Nxg6 28. exd4 Nce7 (28... Rxd4 29. Rxg6+ Kxg6 30. Bh5+ Rxh5 31. Qb1+ $11)) 26. e4 Bxd3 {[%emt 0:00:44] Active counter play!} ({Black should try} 26... Kf7 $17 27. f4 exf4 (27... Bxd3 28. f5 $11) 28. Rxf4 Kg7 (28... Bxd3 29. Nf3 $11)) 27. Ngf5+ $2 Kh7 $1 $19 (27... Nxf5 28. Rxg6+ Kf7 29. exf5 $16) 28. Qc1 $2 (28. Bxd3 {might work better.} Rxd3 29. Nxg6 Nxg6 30. Qc1) 28... gxf5 29. exf5 (29. Nxf5 Nxf5 (29... Qxb3 30. Qh6#) 30. exf5 Qxf5 31. Qe3) 29... Nxf5 30. Nxf5 Qxf5 (30... Bxf5 31. Rh4+ Kg8 32. Bc4 $19) 31. Rh4+ Kg8 32. Bg4 Qg5 33. Bxd7 Rxd7 34. Qxg5+ fxg5 35. Rh6 Rc7 36. Re3 Kg7 (36... Bc2 $19 {is more deadly. ...Kf7 is the strong threat.} 37. Rg3 Kg7) 37. Rxc6 $17 Rxc6 38. Rxd3 {[%emt 0:00:06][%mdl 4096] Endgame. KR-KR} a4 39. bxa4 $2 (39. Kf1 $17 {was the only chance.}) 39... c4 $19 40. Rc3 (40. Rd1 e4 41. Kf1) 40... Kf6 41. Kf1 e4 $1 42. Ke2 Ke5 {[%emt 0:00:00] Threatens to win with ...Kd4.} 43. Rg3 Kd4 {[%emt 0:00:00] ...c3 would now be deadly.} 44. Rxg5 c3 {[%emt 0:00:00] ( -> ...c2)} 45. Kd1 Rf6 $1 46. f3 {[%emt 0:00:31] [#]} e3 $1 {[%emt 0:00:41] Strongly threatening ...Re6.} (46... exf3 47. gxf3 Rxf3 48. Rg6 $11) 47. Rg8 Re6 48. Ke2 Kc4 49. Rc8+ Kb3 {[%emt 0:00:03][%cal Oc3c2] White must now prevent ...c2!} 50. g4 c2 {[%emt 0:00:03][%cal Oe6e5] And now ...Re5! would win.} (50... Kxa4 $2 51. Rxc3 Rg6 52. Kxe3 $18 (52. Rxe3 Kb5 $18)) 51. a5 bxa5 52. g5 Re5 $2 (52... Kxa3 53. Rxc2 Rg6 54. f4 $18 (54. Kxe3 Rxg5 55. f4 Rg3+ 56. Ke4 Rg8 $11)) (52... Kb2 $19 53. Rb8+ Kxa3) 53. g6 $1 $11 Rg5 {[%emt 0:00:08] Really sharp!} (53... Kxa3 $2 54. f4 (54. Rxc2 Rg5 $18) 54... Re4 55. g7 $18 (55. Rxc2 Rxf4 56. Rc6 Kb4 $11) (55. Rxc2 Rxf4 56. Kxe3 Rg4 $11)) (53... Re8 {feels hotter.} 54. Rc5 Re6 55. g7 Rg6) 54. Kxe3 $2 (54. Kd3 $11) 54... Rxg6 ({Weaker is} 54... Kxa3 55. Rxc2 Rxg6 56. f4 $11) 55. Rb8+ Kc3 $1 (55... Kxa3 56. Kd2 $11) 56. Rc8+ Kb2 {[%emt 0:00:03] Black mates.} 57. Rb8+ Kc1 $1 ({Inferior is} 57... Kxa3 58. Kd2 $11) 58. f4 Kd1 59. Rd8+ {[%emt 0:00:30] [#]} Ke1 $1 60. Rc8 Rg3+ 61. Ke4 Kd2 (61... Rxa3 62. Rxc2 Ra4+ 63. Ke5 $16) 62. Rd8+ Kc3 63. Rc8+ {[%emt 0:00:45] Weighted Error Value: White=0.91/Black=0.59.  Loses game:     	White=2     	---        Missed win:     	---       	Black=1      Mistake:       	White=6     	Black=2      Inaccurate:     	White=4     	Black=4      OK:         	White=8     	Black=10     Best:        	White=2     	Black=3      Strong:       	---       	Black=2} 0-1

[Event "1000 GM Labor Day Super Swiss 2024"]
[Site "San Jose"]
[Date "2024.09.01"]
[Round "4.10"]
[White "Hevia Alejano, Carlos Antonio"]
[Black "Chinni, Rishabh"]
[Result "1-0"]
[Annotator "TA"]
[ECO "E06"]
[WhiteElo "2414"]
[BlackElo "2220"]
[PlyCount "79"]
[EventDate "2024.08.30"]
[EventType "swiss"]
[EventCountry "USA"]
[SourceTitle "playchess.com"]
[Source "ChessBase"]
[SourceQuality "1"]
[TimeControl "5400+30"]

1. c4 Nf6 2. Nf3 e6 3. g3 d5 4. Bg2 c5 5. O-O Be7 6. d4 O-O 7. cxd5 Nxd5 8. dxc5 Bxc5 9. Bd2 Nc6 10. Nc3 {[%emt 0:00:00] The position is equal.} b6 (10... Qe7 $11) 11. Nxd5 exd5 12. Rc1 Ba6 {[%emt 0:06:13] Black is now going downhill.} (12... Bg4 $11) 13. Qa4 $1 $16 Bxe2 (13... Bb7 $142 14. b4 Nd4) 14. Qxc6 $18 {[%emt 0:00:00] Black must now prevent Rfe1.} Rc8 15. Qa4 b5 16. Qg4 Bxf1 17. Bxf1 Qb6 18. Kg2 {[%emt 0:00:00] [#] Hoping for b4.} f5 19. Qf4 $40 {[%emt 0:00:00][%mdl 128] Black is in trouble.} Bd6 20. Qg5 {[%emt 0:00:00] aiming for Rxc8.} Rxc1 21. Bxc1 h6 22. Qd2 Qc5 {[%emt 0:02:25] [#]} (22... d4 {was worth a try.} 23. Qc2 (23. Qxd4 Qxd4 24. Nxd4 a6 $18) (23. Nxd4 f4 $18) 23... a6) 23. b4 $1 Qxb4 (23... Qc6 24. Qd4) 24. Qxd5+ Kh7 25. Be3 {[%emt 0:00:00][%cal Of1d3] Inhibits Qc5. Bd3! is the strong threat.} ({Don't do} 25. Bxb5 Qc5 26. Qd3 Rd8 $18) 25... Be7 26. Bxa7 ({Less strong is} 26. Qxb5 Qxb5 27. Bxb5 g6 $18) 26... Qd6 (26... Qe4 {was called for.} 27. Qxb5 Rd8) 27. Qxb5 f4 28. Bd3+ Kg8 29. Qc4+ Kh8 30. Qe4 g6 31. Bd4+ Kh7 32. Be5 (32. Bc5 $142 Rf6 33. Bxd6 Bxd6 34. Bc4 (34. gxf4 Kg7 $18) 34... Kg7 35. Qb7+ Kh8 36. Qd5 Rf8 37. Qxd6) 32... Qe6 33. Nd4 f3+ 34. Nxf3 Rf5 35. g4 Rf8 36. h4 {[%emt 0:00:18][%cal Bh2h4,Bh4h5,Bh5g6][%mdl 32] White mates.} Rc8 37. h5 Kg8 38. Nd4 Qf7 39. hxg6 Qe8 40. Qd5+ {[%emt 0:00:08] Weighted Error Value: White=0.11 (very precise) /Black=0.68.  Mistake:       	---       	Black=5      Inaccurate:     	White=2     	Black=1      OK:         	White=10    	Black=9      Best:        	White=2     	---} 1-0

[Event "1000 GM Labor Day Super Swiss 2024"]
[Site "San Jose"]
[Date "2024.09.01"]
[Round "4.11"]
[White "Sivakumar, Shaashwath"]
[Black "Gongora Montes, Benjamin"]
[Result "1-0"]
[Annotator "TA"]
[ECO "E04"]
[WhiteElo "2321"]
[BlackElo "2111"]
[PlyCount "41"]
[EventDate "2024.08.30"]
[EventType "swiss"]
[EventCountry "USA"]
[SourceTitle "playchess.com"]
[Source "ChessBase"]
[SourceQuality "1"]
[TimeControl "5400+30"]

1. d4 d5 2. c4 e6 3. Nf3 Nf6 4. g3 dxc4 5. Bg2 Bb4+ 6. Bd2 Bd6 7. O-O Nc6 8. Qa4 O-O 9. Qxc4 Bd7 10. Nc3 a6 (10... e5 $11 {remains equal.}) 11. Rfd1 $16 {[%emt 0:08:34] White is more active.} b5 (11... Qe8 $14) 12. Qd3 Rb8 13. Rac1 Rb6 {[%emt 0:27:25] [#]} (13... b4 $16) 14. e4 $1 $18 {[%emt 0:10:25] Threatens to win with e5.} e5 {[%emt 0:00:16] [#]} 15. Bg5 $1 {[%emt 0:00:11] Nd5 would now be deadly.} h6 16. Nd5 hxg5 17. Nxb6 g4 $2 (17... cxb6 $2 18. dxe5 Bc5 (18... Bxe5 $2 19. Rxc6 Bxb2 20. e5 $18) 19. exf6 $18) (17... Nxd4 18. Nxd4 (18. Nxd7 Nxf3+ 19. Qxf3 Nxd7 $18) 18... exd4) 18. Nxd7 gxf3 $2 (18... Nxd7 {is a better defense.} 19. Rxc6 gxf3) 19. Nxf6+ {[%emt 0:00:05] White is clearly winning.} (19. Nxf8 Nxd4 $18) ({Weaker is} 19. Rxc6 Nxd7 20. Qxf3 (20. Bxf3 exd4 21. Qxd4 Ne5 $18) 20... exd4 $18) 19... Qxf6 20. Rxc6 ({Less strong is} 20. Qxf3 Qxf3 21. Bxf3 Nxd4 $18) ({Not} 20. Bxf3 Nxd4 21. Kg2 Qe6 $16) 20... fxg2 21. Kxg2 {[%emt 0:31:51] White took control after the opening.   Weighted Error Value: White=0.24 (precise) /Black=0.82.  Mistake:       	---       	Black=5      Inaccurate:     	White=3     	---        OK:         	White=7     	Black=2      Strong:       	White=1     	---} 1-0